[Event "XVII MetLife Najdorf Open 2017"]
[Site "Warsaw"]
[Date "2017.07.09"]
[Round "1.26"]
[White "Kanarek, Marcel"]
[Black "Karpus, Michal"]
[Result "1-0"]
[ECO "D85"]
[WhiteElo "2509"]
[BlackElo "2291"]
[Annotator "ChessBase"]
[PlyCount "55"]
[EventDate "2017.??.??"]
[EventType "swiss"]
[EventCountry "POL"]
[SourceTitle "playchess.com"]
[Source "ChessBase"]
[SourceQuality "1"]
[TimeControl "40/5400+30:1800+30"]

1. d4 Nf6 2. c4 g6 3. Nc3 d5 4. cxd5 Nxd5 5. e4 Nxc3 6. bxc3 Bg7 7. Nf3 c5 8. Rb1 b6 9. Bb5+ Nd7 10. O-O O-O 11. h4 Nf6 12. Re1 Bg4 13. Ba3 Qc7 14. Qe2 Rad8 15. Qe3 Bxf3 16. gxf3 Nh5 17. e5 f6 18. dxc5 fxe5 19. cxb6 axb6 20. Qxb6 Qxc3 21. Bxe7 Qxf3 22. Be2 Qf5 23. Bxd8 Nf4 24. Bc4+ Kh8 25. Rb3 Qc8 26. Be7 Re8 27. Bf1 Nd5 28. Qc5 1-0

[Event "XVII MetLife Najdorf Open 2017"]
[Site "Warsaw"]
[Date "2017.07.09"]
[Round "1.29"]
[White "Kukawski, Maciej"]
[Black "Riff, Jean-Noel"]
[Result "0-1"]
[ECO "B22"]
[WhiteElo "2285"]
[BlackElo "2493"]
[Annotator "ChessBase"]
[PlyCount "116"]
[EventDate "2017.??.??"]
[EventType "swiss"]
[EventCountry "POL"]
[SourceTitle "playchess.com"]
[Source "ChessBase"]
[SourceQuality "1"]
[TimeControl "40/5400+30:1800+30"]

1. e4 c5 2. c3 d5 3. exd5 Qxd5 4. d4 g6 5. Nf3 Bg7 6. Na3 cxd4 7. Bc4 Qd8 8. Qb3 e6 9. Nb5 a6 10. Bg5 Ne7 11. Nbxd4 Qc7 12. O-O Nbc6 13. Rad1 Na5 14. Qa4+ Bd7 15. Qa3 Bf8 16. Be2 h6 17. Bf4 Qxf4 18. Qxa5 Nd5 19. g3 Qb8 20. b4 Nxc3 21. Ne5 Nxe2+ 22. Nxe2 Bb5 23. Rfe1 Bg7 24. Nd4 Bxe5 25. Nxb5 O-O 26. Na3 b5 27. Rd7 Rc8 28. Nb1 Rc7 29. Rd3 Qb7 30. Nd2 Rd7 31. Rxd7 Qxd7 32. Ne4 Qc6 33. Qa3 Bd4 34. Qd3 Rd8 35. Qf3 Kg7 36. Qf4 Rd5 37. Rd1 Be5 38. Rc1 Rd1+ 39. Kg2 Rxc1 40. Qxe5+ Kf8 41. Qh8+ Ke7 42. Qf6+ Ke8 43. Qh8+ Kd7 44. f3 Rc2+ 45. Kh3 Kc7 46. Qf8 Qd5 47. Qxf7+ Kb6 48. g4 Qxa2 49. Qxg6 Rxh2+ 50. Kg3 Rh1 51. Kf4 Qh2+ 52. Ke3 Re1+ 53. Kd3 Qe2+ 54. Kd4 Qb2+ 55. Kd3 Qb3+ 56. Kd4 Qxb4+ 57. Ke5 Qc3+ 58. Kd6 Qc7+ 0-1

[Event "XVII MetLife Najdorf Open 2017"]
[Site "Warsaw"]
[Date "2017.07.09"]
[Round "1.30"]
[White "Annaberdiev, Meilis"]
[Black "Rakesh Kumar Jena"]
[Result "1-0"]
[ECO "A08"]
[WhiteElo "2485"]
[BlackElo "2283"]
[Annotator "ChessBase"]
[PlyCount "45"]
[EventDate "2017.??.??"]
[EventType "swiss"]
[EventCountry "POL"]
[SourceTitle "playchess.com"]
[Source "ChessBase"]
[SourceQuality "1"]
[TimeControl "40/5400+30:1800+30"]

1. Nf3 c5 2. g3 d5 3. Bg2 Nc6 4. d4 Nf6 5. O-O Bg4 6. Ne5 cxd4 7. Nxg4 Nxg4 8. c3 Nf6 9. cxd4 Qb6 10. Nc3 e6 11. e4 dxe4 12. Nxe4 Be7 13. Nxf6+ Bxf6 14. d5 Rd8 15. Be3 Qxb2 16. Qa4 Qb4 17. Qc2 exd5 18. Bc5 Qc3 19. Rfe1+ Kd7 20. Qf5+ Kc7 21. Rac1 Qb2 22. Rb1 Qc3 23. Qf4+ 1-0

[Event "XVII MetLife Najdorf Open 2017"]
[Site "Warsaw"]
[Date "2017.07.09"]
[Round "1.32"]
[White "Puranik, Abhimanyu"]
[Black "AlHuwar, Jasem"]
[Result "1-0"]
[ECO "C10"]
[WhiteElo "2479"]
[BlackElo "2275"]
[Annotator "ChessBase"]
[PlyCount "53"]
[EventDate "2017.??.??"]
[EventType "swiss"]
[EventCountry "POL"]
[SourceTitle "playchess.com"]
[Source "ChessBase"]
[SourceQuality "1"]
[TimeControl "40/5400+30:1800+30"]

1. e4 e6 2. d4 d5 3. Nd2 dxe4 4. Nxe4 Nd7 5. Nf3 Ngf6 6. Bd3 Nxe4 7. Bxe4 Nf6 8. Bd3 c5 9. Bg5 cxd4 10. Nxd4 Bc5 11. c3 O-O 12. Bxf6 gxf6 13. Bxh7+ Kxh7 14. Qh5+ Kg7 15. Qxc5 b6 16. Qc6 Rb8 17. O-O-O Qe7 18. Qe4 Qc5 19. Rd3 Rh8 20. h4 Rh5 21. Qg4+ Kf8 22. Nc6 Rd5 23. Rxd5 exd5 24. Qf4 Qxc6 25. Qxb8 d4 26. Rd1 Kg7 27. Qg3+ 1-0

[Event "XVII MetLife Najdorf Open 2017"]
[Site "Warsaw"]
[Date "2017.07.09"]
[Round "1.33"]
[White "Chylewski, Patryk"]
[Black "Nihal Sarin"]
[Result "0-1"]
[ECO "B54"]
[WhiteElo "2275"]
[BlackElo "2471"]
[Annotator "ChessBase"]
[PlyCount "88"]
[EventDate "2017.??.??"]
[EventType "swiss"]
[EventCountry "POL"]
[SourceTitle "playchess.com"]
[Source "ChessBase"]
[SourceQuality "1"]
[TimeControl "40/5400+30:1800+30"]

1. e4 c5 2. Nf3 d6 3. d4 cxd4 4. Nxd4 Nf6 5. f3 a6 6. c4 e6 7. Nc3 Be7 8. Be3 O-O 9. Be2 b6 10. O-O Bb7 11. Qd2 Nbd7 12. Rfd1 Qc7 13. Rac1 Rac8 14. Bf1 Qb8 15. Qf2 Bd8 16. b3 Bc7 17. g3 Rfe8 18. Nde2 Rcd8 19. Bg2 h6 20. Rd2 Ba8 21. Rdd1 d5 22. cxd5 exd5 23. Nxd5 Nxd5 24. exd5 Nf6 25. Nc3 Nxd5 26. Nxd5 Rxd5 27. f4 Rxd1+ 28. Rxd1 b5 29. Ba7 Qc8 30. Bxa8 Qxa8 31. Bc5 Bd8 32. Re1 Rxe1+ 33. Qxe1 Bf6 34. Qf2 Qe4 35. Bb6 h5 36. Bc5 a5 37. Bb6 a4 38. bxa4 bxa4 39. Bc5 a3 40. h4 Bb2 41. Qf1 Qd5 42. Be7 Bd4+ 43. Kh2 Qxa2+ 44. Kh3 Qe6+ 0-1

[Event "XVII MetLife Najdorf Open 2017"]
[Site "Warsaw"]
[Date "2017.07.09"]
[Round "1.34"]
[White "Prasanna Raghuram Rao"]
[Black "Harazinska, Ewa"]
[Result "1/2-1/2"]
[ECO "B52"]
[WhiteElo "2466"]
[BlackElo "2269"]
[Annotator "ChessBase"]
[PlyCount "74"]
[EventDate "2017.??.??"]
[EventType "swiss"]
[EventCountry "POL"]
[SourceTitle "playchess.com"]
[Source "ChessBase"]
[SourceQuality "1"]
[TimeControl "40/5400+30:1800+30"]

1. e4 c5 2. Nf3 d6 3. Bb5+ Bd7 4. Bxd7+ Qxd7 5. O-O Nf6 6. Qe2 Nc6 7. Rd1 g6 8. b3 Bg7 9. Bb2 O-O 10. d4 cxd4 11. Nxd4 Nxd4 12. Bxd4 Qc6 13. Nd2 b5 14. Rac1 Rac8 15. f3 Ng4 16. c3 Bxd4+ 17. cxd4 Qxc1 18. Rxc1 Rxc1+ 19. Nf1 Nf6 20. Qxb5 Rfc8 21. h3 Ra1 22. Kh2 Nh5 23. Ng3 Nf4 24. Qg5 Nxg2 25. Nf5 Rc2 26. Qxe7 Ne3+ 27. Kg3 Rg2+ 28. Kh4 gxf5 29. Qxd6 fxe4 30. Qb8+ Kg7 31. Qe5+ Kf8 32. Qd6+ Ke8 33. Qb8+ Ke7 34. Qe5+ Kd7 35. Qb5+ Ke7 36. Qe5+ Kd7 37. Qb5+ Ke7 1/2-1/2

[Event "XVII MetLife Najdorf Open 2017"]
[Site "Warsaw"]
[Date "2017.07.09"]
[Round "1.35"]
[White "Nowicki, Bartosz"]
[Black "Thybo, Jesper Sondergaard"]
[Result "0-1"]
[ECO "C77"]
[WhiteElo "2262"]
[BlackElo "2465"]
[Annotator "ChessBase"]
[PlyCount "66"]
[EventDate "2017.??.??"]
[EventType "swiss"]
[EventCountry "POL"]
[SourceTitle "playchess.com"]
[Source "ChessBase"]
[SourceQuality "1"]
[TimeControl "40/5400+30:1800+30"]

1. e4 e5 2. Nf3 Nc6 3. Bb5 a6 4. Ba4 Nf6 5. d3 d6 6. O-O Be7 7. Re1 O-O 8. c3 Re8 9. Nbd2 Bf8 10. Nf1 h6 11. Ng3 d5 12. Qe2 b5 13. Bc2 Be6 14. h3 d4 15. Bd2 a5 16. Nf5 a4 17. g4 a3 18. bxa3 Rxa3 19. cxd4 Nxd4 20. N3xd4 exd4 21. Reb1 Qd7 22. Qf3 Nh7 23. h4 Rea8 24. Qf4 Rxa2 25. Rxa2 Rxa2 26. Bb3 g5 27. hxg5 hxg5 28. Qe5 Rxd2 29. Bxe6 fxe6 30. Nxd4 Rxd3 31. Nxe6 Rd1+ 32. Rxd1 Qxd1+ 33. Kh2 Bd6 0-1

[Event "XVII MetLife Najdorf Open 2017"]
[Site "Warsaw"]
[Date "2017.07.09"]
[Round "1.36"]
[White "Krzyzanowski, Marcin"]
[Black "Selbes, Tarik"]
[Result "1-0"]
[ECO "B07"]
[WhiteElo "2464"]
[BlackElo "2260"]
[Annotator "ChessBase"]
[PlyCount "97"]
[EventDate "2017.??.??"]
[EventType "swiss"]
[EventCountry "POL"]
[SourceTitle "playchess.com"]
[Source "ChessBase"]
[SourceQuality "1"]
[TimeControl "40/5400+30:1800+30"]

1. e4 d6 2. d4 Nf6 3. Nc3 g6 4. Bg5 Bg7 5. Qd2 h6 6. Bf4 Nc6 7. f3 a6 8. O-O-O b5 9. g4 Bb7 10. Qe1 b4 11. Nb1 a5 12. Bb5 Kf8 13. h4 Qb8 14. Ne2 a4 15. d5 Na5 16. Qxb4 c6 17. Bxc6 Bxc6 18. Qxb8+ Rxb8 19. dxc6 Ne8 20. Nec3 Nc4 21. b3 axb3 22. axb3 Na5 23. Nd5 Nxc6 24. Be3 Ra8 25. g5 hxg5 26. hxg5 Rxh1 27. Rxh1 e6 28. Nb6 Ra2 29. Rh2 Nc7 30. Rf2 Bb2+ 31. Kd2 Nb5 32. Na4 Bg7 33. Nbc3 Nxc3 34. Nxc3 Ra1 35. Nb5 d5 36. exd5 exd5 37. Bc5+ Kg8 38. Nc7 Bb2 39. f4 d4 40. Nd5 Ra5 41. b4 Bc3+ 42. Nxc3 dxc3+ 43. Kxc3 Ra3+ 44. Kb2 Ra8 45. c4 Nd8 46. Bd4 Ne6 47. Bf6 Nf8 48. Rh2 Nh7 49. b5 1-0

[Event "XVII MetLife Najdorf Open 2017"]
[Site "Warsaw"]
[Date "2017.07.09"]
[Round "1.39"]
[White "Kiolbasa, Oliwia"]
[Black "Drozdowski, Kacper"]
[Result "0-1"]
[ECO "B07"]
[WhiteElo "2253"]
[BlackElo "2461"]
[Annotator "RC"]
[PlyCount "116"]
[EventDate "2017.??.??"]
[EventType "swiss"]
[EventCountry "POL"]
[SourceTitle "playchess.com"]
[Source "ChessBase"]
[SourceQuality "1"]
[TimeControl "40/5400+30:1800+30"]

1. e4 d6 2. d4 Nf6 3. Nc3 Nc6 4. d5 Nb8 5. Nf3 g6 6. Bd3 Bg7 7. O-O O-O 8. Ne2 Bg4 9. Ng3 c6 10. c4 Nbd7 11. h3 Bxf3 12. Qxf3 Ne5 13. Qe2 cxd5 14. cxd5 Nxd3 15. Qxd3 Nd7 16. Be3 Nc5 17. Qd2 Qd7 18. Rac1 Rfc8 19. Bd4 Bxd4 20. Qxd4 Qa4 21. Qxa4 Nxa4 22. b3 Nc3 23. Rc2 Rc5 24. Rd2 b5 25. f3 b4 26. Ne2 Nxe2+ 27. Rxe2 a5 28. Rd1 Rac8 29. Rdd2 Kg7 30. h4 Rc1+ 31. Kh2 Kf6 32. Kg3 R8c3 33. e5+ Kg7 34. Kf4 Rc7 35. exd6 exd6 36. Kg3 Kf6 37. Kf2 h5 38. Kg3 Rh1 39. Rd4 Rhc1 40. Rdd2 R1c5 41. Kf4 Rc3 42. Kg3 Rc1 43. Kf2 Re7 44. Rxe7 Kxe7 45. Ke3 Rh1 46. Rc2 Re1+ 47. Kd3 Rd1+ 48. Rd2 Rxd2+ 49. Kxd2 Kf6 50. Kd3 Ke5 51. Kc4 f6 52. Kb5 Kxd5 53. Kxa5 Kc5 54. Ka4 d5 55. a3 bxa3 56. Kxa3 Kd4 57. Kb2 Kd3 58. g4 d4 0-1

[Event "XVII MetLife Najdorf Open 2017"]
[Site "Warsaw"]
[Date "2017.07.09"]
[Round "1.40"]
[White "Bilguun, Sumiya"]
[Black "Krstulovic, Alex"]
[Result "1-0"]
[ECO "C83"]
[WhiteElo "2460"]
[BlackElo "2252"]
[Annotator "ChessBase"]
[PlyCount "45"]
[EventDate "2017.??.??"]
[EventType "swiss"]
[EventCountry "POL"]
[SourceTitle "playchess.com"]
[Source "ChessBase"]
[SourceQuality "1"]
[TimeControl "40/5400+30:1800+30"]

1. e4 e5 2. Nf3 Nc6 3. Bb5 a6 4. Ba4 Nf6 5. O-O Nxe4 6. d4 b5 7. Bb3 d5 8. dxe5 Be6 9. c3 Be7 10. Re1 O-O 11. Nd4 Nxd4 12. cxd4 h6 13. Bc2 f5 14. f3 Ng5 15. Nc3 c5 16. Ne2 Rc8 17. Be3 Qb6 18. Kh1 c4 19. Nf4 Qc6 20. Qb1 Bd7 21. h4 Ne6 22. Ng6 Bb4 23. a3 1-0

[Event "XVII MetLife Najdorf Open 2017"]
[Site "Warsaw"]
[Date "2017.07.09"]
[Round "1.42"]
[White "Nasuta, Grzegorz"]
[Black "Yogesh, Gautam"]
[Result "1/2-1/2"]
[ECO "C12"]
[WhiteElo "2455"]
[BlackElo "2243"]
[Annotator "ChessBase"]
[PlyCount "60"]
[EventDate "2017.??.??"]
[EventType "swiss"]
[EventCountry "POL"]
[SourceTitle "playchess.com"]
[Source "ChessBase"]
[SourceQuality "1"]
[TimeControl "40/5400+30:1800+30"]

1. e4 e6 2. d4 d5 3. Nc3 Nf6 4. Bg5 Bb4 5. e5 h6 6. Bd2 Bxc3 7. bxc3 Ne4 8. Qg4 Kf8 9. Qf4 c5 10. Bd3 Nxd2 11. Qxd2 Nc6 12. Nf3 c4 13. Be2 b5 14. a3 a5 15. h4 Qe7 16. h5 Ba6 17. g4 Ke8 18. Rg1 Kd7 19. g5 hxg5 20. Qxg5 Rag8 21. Kd2 g6 22. Qxe7+ Nxe7 23. Ng5 Ke8 24. a4 b4 25. Rab1 Nc6 26. f4 gxh5 27. Rh1 h4 28. Rh3 Rh6 29. Rbh1 Rgh8 30. Nf3 Bc8 1/2-1/2

[Event "XVII MetLife Najdorf Open 2017"]
[Site "Warsaw"]
[Date "2017.07.09"]
[Round "1.44"]
[White "Sundararajan, Kidambi"]
[Black "Zochowski, Kacper"]
[Result "1-0"]
[ECO "A05"]
[WhiteElo "2444"]
[BlackElo "2240"]
[Annotator "ChessBase"]
[PlyCount "127"]
[EventDate "2017.??.??"]
[EventType "swiss"]
[EventCountry "POL"]
[SourceTitle "playchess.com"]
[Source "ChessBase"]
[SourceQuality "1"]
[TimeControl "40/5400+30:1800+30"]

1. Nf3 Nf6 2. d4 d5 3. c4 e6 4. g3 Bb4+ 5. Nbd2 O-O 6. Bg2 b6 7. O-O Bb7 8. cxd5 exd5 9. Ne5 Nbd7 10. Qa4 Bxd2 11. Nxd7 Qxd7 12. Qxd7 Nxd7 13. Bxd2 Rfe8 14. e3 c6 15. Rac1 f5 16. Rc2 Nf6 17. Rfc1 Rac8 18. Bb4 Re6 19. a4 a6 20. Ba3 g6 21. Rc3 Ne4 22. Rb3 b5 23. Bb4 Ra8 24. Be1 Ree8 25. Ra3 Kf7 26. Bf1 Ke6 27. Be2 Kd7 28. g4 Nd6 29. Kf1 Rf8 30. Bb4 Rf7 31. gxf5 Nxf5 32. Ke1 a5 33. Bc5 b4 34. Raa1 h5 35. Bd3 Ba6 36. Bxa6 Rxa6 37. Ke2 Ra8 38. Rg1 Rf6 39. Rg5 Nh4 40. Rh1 Re8 41. b3 Kc7 42. h3 Ree6 43. Re5 Nf5 44. Rg1 Nd6 45. Bxd6+ Kxd6 46. f4 Kc7 47. h4 Kb6 48. Rgg5 Rxe5 49. fxe5 Re6 50. e4 Kc7 51. Ke3 Kb7 52. Rg1 Kc7 53. Rc1 dxe4 54. Kxe4 Kb6 55. Rf1 Re8 56. Rf6 Kc7 57. Rxg6 Rf8 58. Rg7+ Kb6 59. e6 Rf1 60. Ke5 Re1+ 61. Kd6 Rd1 62. e7 Rxd4+ 63. Ke5 Rd1 64. Rg8 1-0

[Event "XVII MetLife Najdorf Open 2017"]
[Site "Warsaw"]
[Date "2017.07.09"]
[Round "1.45"]
[White "Michalczak, Thomas"]
[Black "Jarmula, Lukasz"]
[Result "1/2-1/2"]
[ECO "B22"]
[WhiteElo "2239"]
[BlackElo "2444"]
[Annotator "ChessBase"]
[PlyCount "120"]
[EventDate "2017.??.??"]
[EventType "swiss"]
[EventCountry "POL"]
[SourceTitle "playchess.com"]
[Source "ChessBase"]
[SourceQuality "1"]
[TimeControl "40/5400+30:1800+30"]

1. e4 c5 2. c3 Nf6 3. e5 Nd5 4. Nf3 d6 5. d4 cxd4 6. cxd4 Nc6 7. Bc4 Nb6 8. Bb5 dxe5 9. Nxe5 Bd7 10. Nxd7 Qxd7 11. Nc3 e6 12. O-O Rc8 13. Be3 a6 14. Be2 Be7 15. Qb3 Nb4 16. Bf3 N4d5 17. Nxd5 Nxd5 18. Bxd5 Qxd5 19. Qxd5 exd5 20. Rfc1 Kd7 21. Kf1 f5 22. Ke2 Bd6 23. Rxc8 Rxc8 24. Rc1 Re8 25. Kd3 f4 26. Bd2 g5 27. h3 h5 28. f3 Rg8 29. Rh1 Ke6 30. a3 Kd7 31. Re1 g4 32. hxg4 hxg4 33. fxg4 Rxg4 34. Re2 Kc6 35. Be1 Rg6 36. a4 Kd7 37. b3 Rh6 38. Bd2 Rh1 39. Rf2 Rh4 40. Re2 Rg4 41. Bc1 Rg3+ 42. Kc2 Kc6 43. Rf2 Rg4 44. Kd3 b5 45. axb5+ Kxb5 46. Bd2 a5 47. Kc2 a4 48. bxa4+ Kxa4 49. Kd3 Rg3+ 50. Rf3 Rxg2 51. Bxf4 Bxf4 52. Rxf4 Rg3+ 53. Kd2 Kb3 54. Rh4 Kc4 55. Rf4 Rg2+ 56. Kd1 Kd3 57. Rf3+ Kxd4 58. Rh3 Ke4 59. Ra3 d4 60. Rh3 d3 1/2-1/2

[Event "XVII MetLife Najdorf Open 2017"]
[Site "Warsaw"]
[Date "2017.07.09"]
[Round "1.47"]
[White "Sahil, Tickoo"]
[Black "Shvayger, Yuliya"]
[Result "1/2-1/2"]
[ECO "A45"]
[WhiteElo "2234"]
[BlackElo "2434"]
[Annotator "ChessBase"]
[PlyCount "81"]
[EventDate "2017.??.??"]
[EventType "swiss"]
[EventCountry "POL"]
[SourceTitle "playchess.com"]
[Source "ChessBase"]
[SourceQuality "1"]
[TimeControl "40/5400+30:1800+30"]

1. d4 Nf6 2. Bf4 e6 3. Nf3 b6 4. e3 Bb7 5. Nbd2 Be7 6. h3 O-O 7. Bd3 c5 8. c3 cxd4 9. cxd4 a6 10. O-O Nc6 11. a3 b5 12. Qe2 Qb6 13. Rfc1 d6 14. Bg5 Rfc8 15. Rc2 h6 16. Bh4 Rc7 17. Rac1 Rac8 18. Bg3 Na5 19. Rxc7 Rxc7 20. Rxc7 Qxc7 21. Qd1 Bd5 22. Qc2 Qxc2 23. Bxc2 Kf8 24. Kf1 Ke8 25. Ke2 Kd7 26. e4 Bb7 27. Bf4 Nc4 28. Nxc4 bxc4 29. Nd2 d5 30. f3 Bc6 31. g4 Bd8 32. e5 Ne8 33. Nb1 Be7 34. Be3 Nc7 35. Nc3 Nb5 36. Nxb5 Bxb5 37. Kd2 Bd8 38. Kc1 Bh4 39. Kd2 Bd8 40. Kc1 Be7 41. Kd2 1/2-1/2

[Event "XVII MetLife Najdorf Open 2017"]
[Site "Warsaw"]
[Date "2017.07.09"]
[Round "1.51"]
[White "Khalafova, Narmin"]
[Black "Hnydiuk, Aleksander"]
[Result "1/2-1/2"]
[ECO "B52"]
[WhiteElo "2224"]
[BlackElo "2422"]
[Annotator "ChessBase"]
[PlyCount "44"]
[EventDate "2017.??.??"]
[EventType "swiss"]
[EventCountry "POL"]
[SourceTitle "playchess.com"]
[Source "ChessBase"]
[SourceQuality "1"]
[TimeControl "40/5400+30:1800+30"]

1. e4 c5 2. Nf3 d6 3. Bb5+ Bd7 4. c4 Nf6 5. Nc3 g6 6. O-O Bg7 7. d4 cxd4 8. Nxd4 O-O 9. h3 Nc6 10. Bxc6 bxc6 11. c5 dxc5 12. Nb3 Be6 13. Nxc5 Bc4 14. Re1 Qxd1 15. Rxd1 Rfd8 16. Be3 Ne8 17. Rxd8 Rxd8 18. Rc1 f5 19. b3 Bf7 20. N3a4 Nd6 21. f3 Nb5 22. Kf1 Be5 1/2-1/2

[Event "XVII MetLife Najdorf Open 2017"]
[Site "Warsaw"]
[Date "2017.07.09"]
[Round "1.52"]
[White "Molenda, Marcin"]
[Black "Karwowski, Kacper"]
[Result "0-1"]
[ECO "E18"]
[WhiteElo "2419"]
[BlackElo "2221"]
[Annotator "ChessBase"]
[PlyCount "126"]
[EventDate "2017.??.??"]
[EventType "swiss"]
[EventCountry "POL"]
[SourceTitle "playchess.com"]
[Source "ChessBase"]
[SourceQuality "1"]
[TimeControl "40/5400+30:1800+30"]

1. d4 Nf6 2. Nf3 e6 3. g3 b6 4. Bg2 Bb7 5. O-O Be7 6. c4 O-O 7. Nc3 Ne4 8. Bd2 Bf6 9. Nxe4 Bxe4 10. Bc3 d5 11. Qb3 Nd7 12. Rfd1 c5 13. cxd5 Bxd5 14. Qc2 cxd4 15. Nxd4 Bxg2 16. Kxg2 Qc7 17. e4 Rfd8 18. Rac1 Bxd4 19. Rxd4 Nf6 20. f3 Rac8 21. Qd2 Rxd4 22. Qxd4 Rd8 23. Qe3 Qd7 24. Qe2 Ne8 25. Rc2 Qd3 26. Kf2 f6 27. Qxd3 Rxd3 28. Ke2 Rd7 29. a4 Kf7 30. Ke3 Nd6 31. Bb4 Nb7 32. Rc8 Kg6 33. f4 Nd8 34. h3 h5 35. Ba3 Nf7 36. Ra8 e5 37. Bf8 h4 38. f5+ Kh7 39. gxh4 g6 40. b4 gxf5 41. exf5 Nh6 42. Bxh6 Kxh6 43. b5 Rd4 44. Rxa7 Rxh4 45. Ra6 Kg5 46. Rxb6 Rxa4 47. Rb8 Kxf5 48. Kf2 Ra2+ 49. Kg3 Ra3+ 50. Kg2 Kf4 51. b6 Ra2+ 52. Kg1 Rb2 53. b7 e4 54. Rf8 Rxb7 55. Rxf6+ Ke3 56. Re6 Kf3 57. Rf6+ Ke2 58. Re6 e3 59. Kg2 Rg7+ 60. Kh2 Kf2 61. h4 Rg2+ 62. Kh3 Rg3+ 63. Kh2 Rf3 0-1

[Event "XVII MetLife Najdorf Open 2017"]
[Site "Warsaw"]
[Date "2017.07.09"]
[Round "1.54"]
[White "Barski, Radoslaw"]
[Black "Walter, Szymon"]
[Result "1-0"]
[ECO "B51"]
[WhiteElo "2402"]
[BlackElo "2220"]
[Annotator "ChessBase"]
[PlyCount "75"]
[EventDate "2017.??.??"]
[EventType "swiss"]
[EventCountry "POL"]
[SourceTitle "playchess.com"]
[Source "ChessBase"]
[SourceQuality "1"]
[TimeControl "40/5400+30:1800+30"]

1. e4 c5 2. Nf3 d6 3. Bb5+ Nc6 4. O-O Bd7 5. c3 Nf6 6. Re1 a6 7. Bf1 Bg4 8. d4 cxd4 9. cxd4 e5 10. d5 Nd4 11. Be3 Nxf3+ 12. gxf3 Bd7 13. Nd2 b5 14. b4 Nh5 15. a4 Be7 16. axb5 axb5 17. Rxa8 Qxa8 18. Qa1 O-O 19. Qxa8 Rxa8 20. Nb3 Nf4 21. Na5 Nh3+ 22. Kg2 Nf4+ 23. Bxf4 exf4 24. Nc6 Bd8 25. Nxd8 Rxd8 26. Ra1 Kf8 27. Ra7 Be8 28. Rb7 Rc8 29. Bxb5 Bxb5 30. Rxb5 Rc1 31. Rb7 Ke8 32. b5 h5 33. b6 Rb1 34. Kh3 g5 35. Kg2 Rb2 36. Rb8+ Ke7 37. b7 g4 38. Rh8 1-0

[Event "XVII MetLife Najdorf Open 2017"]
[Site "Warsaw"]
[Date "2017.07.09"]
[Round "1.55"]
[White "Bus, Konrad"]
[Black "Das, Sayantan"]
[Result "0-1"]
[ECO "A04"]
[WhiteElo "2219"]
[BlackElo "2399"]
[Annotator "ChessBase"]
[PlyCount "106"]
[EventDate "2017.??.??"]
[EventType "swiss"]
[EventCountry "POL"]
[SourceTitle "playchess.com"]
[Source "ChessBase"]
[SourceQuality "1"]
[TimeControl "40/5400+30:1800+30"]

1. Nf3 c5 2. c4 Nc6 3. Nc3 e5 4. e3 d6 5. d4 cxd4 6. exd4 Bg4 7. Be2 Nf6 8. Be3 Be7 9. h3 Bh5 10. d5 Nb8 11. g4 Bg6 12. c5 O-O 13. cxd6 Bxd6 14. Nh4 Ne4 15. Nxg6 Nxc3 16. bxc3 hxg6 17. Qb3 b6 18. Bb5 Nd7 19. g5 Rc8 20. h4 Bc5 21. Bd2 Bd6 22. h5 Nc5 23. Qd1 e4 24. Qg4 Be5 25. d6 Qxd6 26. hxg6 Rfd8 27. gxf7+ Kxf7 28. g6+ Ke7 29. Bg5+ Bf6 30. Rh7 Ne6 31. Bxf6+ Kxf6 32. Qh4+ Ng5 33. Be2 Qe5 34. Rb1 Rxc3 35. Rh5 Rh3 36. Qxh3 Nxh3 37. Rxe5 Kxe5 38. Rc1 Kd6 39. Bb5 Ng5 40. Rc6+ Ke5 41. Rc7 Nf3+ 42. Kf1 Rd1+ 43. Kg2 Rg1+ 44. Kh3 Rxg6 45. Rxa7 Kf4 46. Rf7+ Rf6 47. Rb7 Nd4 48. Bf1 Kf3 49. Bg2+ Kxf2 50. Bxe4 Rf4 51. Bg2 Nf5 52. Kh2 Rh4+ 53. Bh3 Nd4 0-1

[Event "XVII MetLife Najdorf Open 2017"]
[Site "Warsaw"]
[Date "2017.07.09"]
[Round "1.57"]
[White "Baltic, Fatih"]
[Black "Tomczak, Mikolaj"]
[Result "1/2-1/2"]
[ECO "B40"]
[WhiteElo "2210"]
[BlackElo "2395"]
[Annotator "ChessBase"]
[PlyCount "79"]
[EventDate "2017.??.??"]
[EventType "swiss"]
[EventCountry "POL"]
[SourceTitle "playchess.com"]
[Source "ChessBase"]
[SourceQuality "1"]
[TimeControl "40/5400+30:1800+30"]

1. e4 c5 2. Nf3 e6 3. d4 cxd4 4. Nxd4 Nf6 5. Bd3 Nc6 6. Nxc6 dxc6 7. O-O e5 8. Qe2 Bg4 9. f3 Bc5+ 10. Kh1 Be6 11. Nd2 Qe7 12. Bc4 O-O 13. Bxe6 Qxe6 14. Qc4 Qd6 15. Nb3 Bb6 16. Bd2 Rfd8 17. Bb4 Qc7 18. Rad1 Ne8 19. Bc5 Rd7 20. Rxd7 Qxd7 21. Qc3 Bc7 22. Be3 Rd8 23. Nc5 Qc8 24. Nd3 Qb8 25. Rd1 Bb6 26. Bxb6 axb6 27. Re1 Qa7 28. a3 f6 29. Qb3+ Kh8 30. f4 exf4 31. e5 Qa5 32. Qf7 h6 33. Qf8+ Kh7 34. exf6 Rxd3 35. b4 Qe5 36. Rg1 Rd7 37. f7 Nf6 38. Qg8+ Nxg8 39. f8=N+ Kh8 40. Ng6+ 1/2-1/2

[Event "XVII MetLife Najdorf Open 2017"]
[Site "Warsaw"]
[Date "2017.07.09"]
[Round "1.58"]
[White "Gumularz, Szymon"]
[Black "Szostko, Jakub"]
[Result "1/2-1/2"]
[ECO "E63"]
[WhiteElo "2391"]
[BlackElo "2208"]
[Annotator "ChessBase"]
[PlyCount "85"]
[EventDate "2017.??.??"]
[EventType "swiss"]
[EventCountry "POL"]
[SourceTitle "playchess.com"]
[Source "ChessBase"]
[SourceQuality "1"]
[TimeControl "40/5400+30:1800+30"]

1. d4 Nf6 2. c4 g6 3. Nf3 Bg7 4. g3 O-O 5. Bg2 d6 6. O-O Nc6 7. Nc3 a6 8. Bf4 Rb8 9. Rc1 b5 10. Nd5 Nh5 11. cxb5 Rxb5 12. Rxc6 Rxd5 13. Be3 Bb7 14. Rc4 Rb5 15. b3 Bd5 16. Rc2 Qb8 17. Qc1 Rc8 18. Bh3 e6 19. Nd2 Nf6 20. f3 Bb7 21. Bf2 Nd5 22. Nc4 Nb4 23. Rb2 Nc6 24. Rd2 Bh6 25. e3 Ne7 26. Qd1 Qa8 27. e4 Bxd2 28. Qxd2 d5 29. Ne5 dxe4 30. fxe4 Bxe4 31. Qf4 f5 32. Nd7 Qc6 33. Nf6+ Kg7 34. Qh4 Ng8 35. d5 Rxd5 36. Nxe4 fxe4 37. Qxe4 Qd6 38. Qxe6 Rf8 39. Qe3 Nf6 40. Qc3 Qe5 41. Qxe5 Rxe5 42. Rc1 Rf7 43. Rc6 1/2-1/2

[Event "XVII MetLife Najdorf Open 2017"]
[Site "Warsaw"]
[Date "2017.07.09"]
[Round "1.59"]
[White "Jaroch, Karol"]
[Black "Konguvel, Ponnuswamy"]
[Result "1/2-1/2"]
[ECO "B06"]
[WhiteElo "2207"]
[BlackElo "2388"]
[Annotator "ChessBase"]
[PlyCount "69"]
[EventDate "2017.??.??"]
[EventType "swiss"]
[EventCountry "POL"]
[SourceTitle "playchess.com"]
[Source "ChessBase"]
[SourceQuality "1"]
[TimeControl "40/5400+30:1800+30"]

1. e4 g6 2. f4 Bg7 3. Nf3 c5 4. Nc3 Nc6 5. Bb5 Nd4 6. Bc4 e6 7. e5 d5 8. Nxd4 cxd4 9. Bb5+ Bd7 10. Bxd7+ Qxd7 11. Ne2 f6 12. Nxd4 fxe5 13. fxe5 Bxe5 14. Qg4 O-O-O 15. Nf3 Nh6 16. Nxe5 Nxg4 17. Nxd7 Kxd7 18. d3 Rc8 19. h3 Ne5 20. Bf4 Nc6 21. Kd2 Rhf8 22. Rhf1 Rf5 23. g4 Rf7 24. Bh6 Ne5 25. Rxf7+ Nxf7 26. Be3 a6 27. Rf1 Ke7 28. b3 e5 29. c4 d4 30. Bf2 Rc6 31. Bg3 h5 32. g5 Re6 33. Re1 Kd6 34. h4 Nd8 35. b4 1/2-1/2